PIO
OAKLAND (RK+) ATHLETICS @ WASHINGTON (RK+) NATIONALS
08/23/2099
 
TOP OF THE 1ST
Oakland (Rk+) Athletics batting - Pitching for Washington (Rk+) Nationals : RHP Erick Medrano
Pitching: RHP Erick Medrano
Batting: RHB Michael Kozina 0-0: Ball
1-0: Ball
2-0: Ball
3-0: Called Strike
3-1: Base on Balls
Batting: LHB Javier Gongora 0-0: Called Strike
0-1: SINGLE (Line Drive, 6D, EV 107.5 MPH)
Michael Kozina to second
Batting: RHB Paul Banfield 0-0: Ball
1-0: Called Strike
1-1: Ball
2-1: Ball
3-1: Swinging Strike
3-2: Fly out, F8 (Flyball, 89M, EV 93.1 MPH)
Batting: LHB Ryan Horvath 0-0: Foul Ball, location: 2F
0-1: Called Strike
0-2: Strikes out swinging
Batting: RHB Gregory Field 0-0: Foul Ball, location: 2F
0-1: Ball
1-1: Foul Ball, location: 2F
1-2: Strikes out swinging
Top of the 1st over - 0 runs, 1 hit, 0 errors, 2 left on base; Oakland (Rk+) 0 - Washington (Rk+) 0
BOTTOM OF THE 1ST
Washington (Rk+) Nationals batting - Pitching for Oakland (Rk+) Athletics : LHP Steven Gooch
Pitching: LHP Steven Gooch
Batting: RHB Leonard Holmes 0-0: Ball
1-0: Foul Ball, location: 9LSF
1-1: SINGLE (Line Drive, 7S, EV 103.1 MPH)
Batting: RHB Josh Alfaro 0-0: Called Strike
Leonard Holmes steals 2nd base (no throw)
0-1: Called Strike
0-2: Ground out 4-3 (Groundball, 4S, EV 68.8 MPH)
Leonard Holmes to third
Batting: RHB Kenny Moyer 0-0: Foul Ball, location: 2RF
0-1: Called Strike
0-2: Ball
1-2: Ball
2-2: Strikes out looking
Batting: LHB Jeremy Paula 0-0: Called Strike
0-1: Ball
1-1: Ground out 4-3 (Groundball, 4, EV 109.4 MPH)
Bottom of the 1st over - 0 runs, 1 hit, 0 errors, 1 left on base; Oakland (Rk+) 0 - Washington (Rk+) 0
TOP OF THE 2ND
Oakland (Rk+) Athletics batting - Pitching for Washington (Rk+) Nationals : RHP Erick Medrano
Batting: SHB Rafael Tiscareno 0-0: Ball
1-0: Foul Ball, location: 3FF
1-1: DOUBLE (Line Drive, 78D, EV 108.8 MPH)
Batting: RHB Jose Castro 0-0: Fly out, F8 (Flyball, 89M, EV 91.9 MPH)
Batting: SHB Edgardo Carafa 0-0: Fly out, F8 (Flyball, 8LM, EV 86.9 MPH)
Batting: RHB Jim Unknown 0-0: Called Strike
0-1: Foul Ball, location: 5DF
0-2: Ball
1-2: Strikes out looking
Top of the 2nd over - 0 runs, 1 hit, 0 errors, 1 left on base; Oakland (Rk+) 0 - Washington (Rk+) 0
BOTTOM OF THE 2ND
Washington (Rk+) Nationals batting - Pitching for Oakland (Rk+) Athletics : LHP Steven Gooch
Batting: RHB Gus Novelo 0-0: Ball
1-0: Ball
2-0: Called Strike
2-1: Foul Ball, location: 5DF
2-2: Foul Ball, location: 5FF
2-2: Fly out, F8 (Flyball, 89XD, EV 110.0 MPH)
Batting: SHB Ross Mitchel 0-0: SINGLE (Groundball, 34D, EV 94.4 MPH)
Batting: RHB Jim Miller 0-0: Foul Ball, location: 25FF
0-1: Grounds into double play, 5-4-3 (Groundball, 56, EV 89.4 MPH)
Bottom of the 2nd over - 0 runs, 1 hit, 0 errors, 0 left on base; Oakland (Rk+) 0 - Washington (Rk+) 0
TOP OF THE 3RD
Oakland (Rk+) Athletics batting - Pitching for Washington (Rk+) Nationals : RHP Erick Medrano
Batting: RHB Michael Kozina 0-0: Called Strike
0-1: Foul Ball, location: 3FF
0-2: Strikes out swinging
Batting: LHB Javier Gongora 0-0: Ground out 6-3 (Groundball, 6, EV 84.4 MPH)
Batting: RHB Paul Banfield 0-0: Ball
1-0: Called Strike
1-1: Called Strike
1-2: Foul Ball, location: 2F
1-2: Strikes out swinging
Top of the 3rd over - 0 runs, 0 hits, 0 errors, 0 left on base; Oakland (Rk+) 0 - Washington (Rk+) 0
BOTTOM OF THE 3RD
Washington (Rk+) Nationals batting - Pitching for Oakland (Rk+) Athletics : LHP Steven Gooch
Batting: LHB Victor Cardenas 0-0: Foul Ball, location: 7LDF
0-1: Ball
1-1: SINGLE (Line Drive, 78M, EV 101.9 MPH)
Batting: RHB Brent Krall 0-0: Ball
1-0: Foul Ball, location: 25FF
1-1: Foul Ball, location: 25F
1-2: Ball
2-2: Strikes out looking
Batting: RHB Leonard Holmes 0-0: Ball
1-0: Ball
2-0: Ball
3-0: Called Strike
3-1: Base on Balls
Victor Cardenas to second
Batting: RHB Josh Alfaro 0-0: SINGLE (Groundball, P, EV 82.5 MPH) (infield hit)
Victor Cardenas to third
Leonard Holmes to second
Batting: RHB Kenny Moyer 0-0: Ball
1-0: Foul Ball, location: 2F
1-1: SINGLE (Groundball, 4MD, EV 100.6 MPH)
Victor Cardenas scores
Leonard Holmes to third
Josh Alfaro to second
Runner from 3rd tries for Home, SAFE, throw by CF to home
Josh Alfaro to third
Kenny Moyer to second
Batting: LHB Jeremy Paula 0-0: Ground out 4-3 (Groundball, 4, EV 109.4 MPH)
Batting: RHB Gus Novelo 0-0: Ball
1-0: Called Strike
1-1: Ground out 5-3 (Groundball, 56S, EV 93.1 MPH)
Bottom of the 3rd over - 2 runs, 3 hits, 0 errors, 2 left on base; Oakland (Rk+) 0 - Washington (Rk+) 2
TOP OF THE 4TH
Oakland (Rk+) Athletics batting - Pitching for Washington (Rk+) Nationals : RHP Erick Medrano
Batting: LHB Ryan Horvath 0-0: Fly out, F7 (Flyball, 7, EV 80.0 MPH)
Batting: RHB Gregory Field 0-0: Called Strike
0-1: Ball
1-1: Called Strike
1-2: Foul Ball, location: 23F
1-2: Strikes out swinging
Batting: SHB Rafael Tiscareno 0-0: Ball
1-0: Fly out, F8 (Flyball, 8RD, EV 99.4 MPH)
Top of the 4th over - 0 runs, 0 hits, 0 errors, 0 left on base; Oakland (Rk+) 0 - Washington (Rk+) 2
BOTTOM OF THE 4TH
Washington (Rk+) Nationals batting - Pitching for Oakland (Rk+) Athletics : LHP Steven Gooch
Batting: SHB Ross Mitchel 0-0: Ball
1-0: Ground out 1-3 (Groundball, P, EV 66.9 MPH)
Batting: RHB Jim Miller 0-0: Ball
1-0: Ball
2-0: Called Strike
2-1: Foul Ball, location: 2F
2-2: Ball
3-2: Strikes out swinging
Batting: LHB Victor Cardenas 0-0: Ball
1-0: Ball
2-0: Swinging Strike
2-1: Swinging Strike
2-2: Strikes out looking
Bottom of the 4th over - 0 runs, 0 hits, 0 errors, 0 left on base; Oakland (Rk+) 0 - Washington (Rk+) 2
TOP OF THE 5TH
Oakland (Rk+) Athletics batting - Pitching for Washington (Rk+) Nationals : RHP Erick Medrano
Batting: RHB Jose Castro 0-0: Ball
1-0: Ball
2-0: Foul Ball, location: 5F
2-1: Fly out, F8 (Line Drive, 8LD, EV 90.0 MPH)
Batting: SHB Edgardo Carafa 0-0: Called Strike
0-1: Ball
1-1: Called Strike
1-2: Fly out, F8 (Flyball, 8LD, EV 96.3 MPH)
Batting: RHB Jim Unknown 0-0: Ground out 5-3 (Groundball, 56, EV 78.8 MPH)
Top of the 5th over - 0 runs, 0 hits, 0 errors, 0 left on base; Oakland (Rk+) 0 - Washington (Rk+) 2
BOTTOM OF THE 5TH
Washington (Rk+) Nationals batting - Pitching for Oakland (Rk+) Athletics : LHP Steven Gooch
Batting: RHB Brent Krall 0-0: Ball
1-0: Ball
2-0: Called Strike
2-1: Foul Ball, location: 9LDF
2-2: Strikes out swinging
Batting: RHB Leonard Holmes 0-0: Ball
1-0: Ball
2-0: Ball
3-0: Base on Balls
Batting: RHB Josh Alfaro 0-0: Foul Ball, location: 9LMF
0-1: Ball
Leonard Holmes steals 2nd base
1-1: Ball
2-1: Called Strike
2-2: Foul Ball, location: 7LSFF
2-2: Foul Ball, location: 9LMF
2-2: Foul Ball, location: 2F
2-2: SINGLE (Line Drive, 34D, EV 104.4 MPH)
Leonard Holmes to third
Batting: RHB Kenny Moyer 0-0: Ball
1-0: Foul Ball, location: 2F
1-1: Ball
2-1: Ball
3-1: Foul Ball, location: 2F
3-2: Fielders Choice at home, 5-2 (Groundball, 56S, EV 86.9 MPH)
Josh Alfaro to second
Pitching: RHP Danny Silva
Batting: LHB Jeremy Paula 0-0: Swinging Strike
0-1: Ball
1-1: Foul Ball, location: 7LMF
1-2: Ground out 4-3 (Groundball, 4, EV 86.9 MPH)
Bottom of the 5th over - 0 runs, 1 hit, 0 errors, 2 left on base; Oakland (Rk+) 0 - Washington (Rk+) 2
TOP OF THE 6TH
Oakland (Rk+) Athletics batting - Pitching for Washington (Rk+) Nationals : RHP Erick Medrano
Batting: RHB Michael Kozina 0-0: Foul Ball, location: 2F
0-1: Ground out 5-3 (Groundball, 56, EV 92.5 MPH)
Batting: LHB Javier Gongora 0-0: Swinging Strike
0-1: Ball
1-1: Called Strike
1-2: Ball
2-2: Fly out, F5 (Popup, 5SF, EV 74.4 MPH)
Batting: RHB Paul Banfield 0-0: Ball
1-0: Foul Ball, location: 2F
1-1: Ball
2-1: Foul Ball, location: 2F
2-2: Foul Ball, location: 2LF
2-2: Ball
3-2: Ground out U3 (Groundball, 3L, EV 108.1 MPH)
Top of the 6th over - 0 runs, 0 hits, 0 errors, 0 left on base; Oakland (Rk+) 0 - Washington (Rk+) 2
BOTTOM OF THE 6TH
Washington (Rk+) Nationals batting - Pitching for Oakland (Rk+) Athletics : RHP Danny Silva
Batting: RHB Gus Novelo 0-0: Foul Ball, location: 9LSF
0-1: Fly out, F7 (Flyball, 7S, EV 88.8 MPH)
Batting: SHB Ross Mitchel 0-0: Ball
1-0: Called Strike
1-1: Called Strike
1-2: Ball
2-2: Strikes out swinging
Pinch Hitting: LHB Manny Marin 0-0: Ball
1-0: Swinging Strike
1-1: Foul Ball, location: 7LSF
1-2: Foul Ball, location: 9LSF
1-2: Strikes out swinging
Bottom of the 6th over - 0 runs, 0 hits, 0 errors, 0 left on base; Oakland (Rk+) 0 - Washington (Rk+) 2
TOP OF THE 7TH
Oakland (Rk+) Athletics batting - Pitching for Washington (Rk+) Nationals : RHP Erick Medrano
Now at 1B: Jose Mora
Batting: LHB Ryan Horvath 0-0: Ball
1-0: Ball
2-0: Ball
3-0: Called Strike
3-1: Base on Balls
Batting: RHB Gregory Field 0-0: Ball
1-0: Foul Ball, location: 9LMF
1-1: Swinging Strike
1-2: Strikes out swinging
Pitching: RHP Sean Riso
Batting: SHB Rafael Tiscareno 0-0: Foul Ball, location: 2F
0-1: Ball
1-1: Ball
2-1: Called Strike
2-2: Foul Ball, location: 5F
2-2: Strikes out swinging
Pinch Hitting: RHB Jim Unknown 0-0: Called Strike
0-1: Ball
1-1: Ball
2-1: Called Strike
2-2: Ball
3-2: Fly out, F7 (Flyball, 7D, EV 105.0 MPH)
Top of the 7th over - 0 runs, 0 hits, 0 errors, 1 left on base; Oakland (Rk+) 0 - Washington (Rk+) 2
BOTTOM OF THE 7TH
Washington (Rk+) Nationals batting - Pitching for Oakland (Rk+) Athletics : RHP Danny Silva
Now at 2B: Jim Unknown
Batting: LHB Victor Cardenas 0-0: Foul Ball, location: 7LMFF
0-1: Hit by Pitch
Batting: RHB Brent Krall 0-0: Called Strike
0-1: Swinging Strike
0-2: Ball
1-2: Ball
2-2: Foul Ball, location: 5F
2-2: Ball
3-2: Base on Balls
Victor Cardenas to second
Batting: RHB Leonard Holmes 0-0: Ball
1-0: SINGLE (Line Drive, 7S, EV 91.3 MPH)
Victor Cardenas to third
Brent Krall to second
Batting: RHB Josh Alfaro 0-0: Called Strike
0-1: Called Strike
0-2: Ball
1-2: Ball
2-2: Fly out, F8 (Flyball, 8RD, EV 87.5 MPH)
Runner from 3rd tags up, OUT at HOME! 8-2
Brent Krall to third
Leonard Holmes to second
Batting: RHB Kenny Moyer 0-0: Called Strike
0-1: Ball
1-1: Called Strike
1-2: SINGLE (Line Drive, 6MD, EV 96.3 MPH)
Brent Krall scores
Leonard Holmes to third
Runner from 3rd tries for Home, SAFE, throw by CF to home
Batting: LHB Jeremy Paula 0-0: Foul Ball, location: 2F
0-1: Swinging Strike
0-2: Strikes out swinging
Bottom of the 7th over - 2 runs, 2 hits, 0 errors, 1 left on base; Oakland (Rk+) 0 - Washington (Rk+) 4
TOP OF THE 8TH
Oakland (Rk+) Athletics batting - Pitching for Washington (Rk+) Nationals : RHP Sean Riso
Batting: SHB Edgardo Carafa 0-0: Called Strike
0-1: Ball
1-1: Ball
2-1: Called Strike
2-2: Ball
3-2: Foul Ball, location: 2F
3-2: Base on Balls
Batting: RHB Jim Unknown 0-0: Ball
1-0: Foul Ball, location: 5DF
1-1: Fly out, F4 (Popup, 34S, EV 74.4 MPH)
Batting: RHB Michael Kozina 0-0: Ball
1-0: TRIPLE (Flyball, 89XD, EV 97.5 MPH)
Edgardo Carafa scores
Batting: LHB Javier Gongora 0-0: Ball
1-0: Ball
2-0: Called Strike
2-1: TRIPLE (Line Drive, 8LXD, EV 106.9 MPH)
Michael Kozina scores
Pitching: RHP Ramon Ayala
Batting: RHB Paul Banfield 0-0: Foul Ball, location: 2F
0-1: Ball
1-1: Ball
2-1: Ball
3-1: Fly out, F8 (Flyball, 89S, EV 80.0 MPH)
Pitching: RHP Dustin Tortorici
Batting: LHB Ryan Horvath 0-0: Ball
1-0: Ball
2-0: Ball
3-0: Called Strike
3-1: Base on Balls
Batting: RHB Gregory Field 0-0: Called Strike
0-1: SINGLE (Groundball, 4MS, EV 68.1 MPH) (infield hit)
Javier Gongora scores
Ryan Horvath to second
Pitching: RHP Drew Cox
Batting: SHB Rafael Tiscareno 0-0: Ball
1-0: Ball
2-0: Fly out, F6 (Popup, 6M, EV 65.0 MPH)
Top of the 8th over - 3 runs, 3 hits, 0 errors, 2 left on base; Oakland (Rk+) 3 - Washington (Rk+) 4
BOTTOM OF THE 8TH
Washington (Rk+) Nationals batting - Pitching for Oakland (Rk+) Athletics : RHP Danny Silva
Pitching: RHP Ernesto Reyes
Pinch Hitting: RHB Gil Ortega 0-0: SINGLE (Line Drive, 5D, EV 95.0 MPH)
Batting: SHB Ross Mitchel 0-0: Called Strike
0-1: Bunt missed!
0-2: Ball
1-2: Foul Ball, location: 7LDF
1-2: Strikes out swinging
Batting: RHB Jose Mora 0-0: Foul Ball, location: 2F
0-1: Swinging Strike
0-2: Foul Ball, location: 25F
0-2: Ground out 5-3 (Groundball, 56, EV 82.5 MPH)
Gil Ortega to second
Batting: LHB Victor Cardenas 0-0: Ball
1-0: Ball
2-0: Ball
3-0: SINGLE (Groundball, 6, EV 88.8 MPH)
Gil Ortega to third
Runner from 3rd tries for Home, SAFE, throw by LF to home
Batting: RHB Brent Krall 0-0: Foul Ball, location: 23FF
0-1: Ball
1-1: Called Strike
1-2: Ball
2-2: Fielders Choice at 2nd, 5-4 (Groundball, 56, EV 110.6 MPH)
Bottom of the 8th over - 1 run, 2 hits, 0 errors, 1 left on base; Oakland (Rk+) 3 - Washington (Rk+) 5
TOP OF THE 9TH
Oakland (Rk+) Athletics batting - Pitching for Washington (Rk+) Nationals : RHP Drew Cox
Now in LF: German Rodriguez
Pinch Hitting: RHB Jim Unknown 0-0: Ball
1-0: SINGLE (Line Drive, 9S, EV 92.5 MPH)
Batting: SHB Edgardo Carafa 0-0: Called Strike
0-1: Foul Ball, location: 5F
0-2: Strikes out swinging
Pinch Hitting: RHB Jim Unknown 0-0: Fly out, F8 (Flyball, 78S, EV 84.4 MPH)
Batting: RHB Michael Kozina 0-0: Hit by Pitch
Jim Unknown to second
Batting: LHB Javier Gongora 0-0: Fly out, F8 (Line Drive, 8RD, EV 108.1 MPH)
Top of the 9th over - 0 runs, 1 hit, 0 errors, 2 left on base; Oakland (Rk+) 3 - Washington (Rk+) 5
Wednesday, May 15th , 2024 - OOTP Baseball 24.11 Build 85